PBL
TEXAS RANGERS @ ATLANTA BRAVES
06/21/2071
 
TOP OF THE 1ST
Texas Rangers batting - Pitching for Atlanta Braves : RHP Steven McDowe
Pitching: RHP Steven McDowe
Batting: LHB Ken'ichi Matsuura 0-0: Called Strike
0-1: Foul Ball, location: 7LMF
0-2: Strikes out swinging
Batting: LHB Dave Baker 0-0: Ball
1-0: Called Strike
1-1: Ball
2-1: Ground out 5-3 (Groundball, 5, EV 80.0 MPH)
Batting: LHB Noburo Oike 0-0: Swinging Strike
0-1: Swinging Strike
0-2: Ball
1-2: Strikes out swinging
Top of the 1st over - 0 runs, 0 hits, 0 errors, 0 left on base; Texas 0 - Atlanta 0
BOTTOM OF THE 1ST
Atlanta Braves batting - Pitching for Texas Rangers : RHP Bob Childers
Pitching: RHP Bob Childers
Batting: SHB Ramón Salinas 0-0: Ball
1-0: Foul Ball, location: 9LMF
1-1: Ground out 4-3 (Groundball, 4MS, EV 91.9 MPH)
Batting: RHB David Miller 0-0: Called Strike
0-1: Ball
1-1: Called Strike
1-2: Foul Ball, location: 9LDF
1-2: Ball
2-2: Ball
3-2: Ground out 6-3 (Groundball, 6, EV 101.9 MPH)
Batting: LHB Paul Graham 0-0: Called Strike
0-1: Foul Ball, location: 7LDF
0-2: Ground out 6-3 (Groundball, 6M, EV 89.4 MPH)
Bottom of the 1st over - 0 runs, 0 hits, 0 errors, 0 left on base; Texas 0 - Atlanta 0
TOP OF THE 2ND
Texas Rangers batting - Pitching for Atlanta Braves : RHP Steven McDowe
Batting: LHB Michael Gutiérrez 0-0: Called Strike
0-1: Foul Ball, location: 3F
0-2: Foul Ball, location: 5SF
0-2: Strikes out looking
Batting: LHB Ben Williamson 0-0: Foul Ball, location: 7LMFF
0-1: Ball
1-1: SINGLE (Groundball, 34D, EV 98.8 MPH)
Batting: RHB Alberto Morales 0-0: Foul Ball, location: 7LMF
0-1: SINGLE (Groundball, 56D, EV 76.9 MPH) (infield hit)
Ben Williamson to second
Batting: RHB Gabriel Gutiérrez 0-0: Foul Ball, location: 9LDF
0-1: Fly out, F8 (Flyball, 8LXD, EV 111.9 MPH)
Runner from 2nd tags up, SAFE at 3rd, no throw by CF
Batting: RHB Richard Kinney 0-0: Called Strike
0-1: Hit by Pitch
Alberto Morales to second
Batting: LHB Claudio Valenzuela 0-0: Ball
1-0: Ball
2-0: Ball
3-0: Called Strike
3-1: Fly out, F1 (Line Drive, P, EV 68.8 MPH)
Top of the 2nd over - 0 runs, 2 hits, 0 errors, 3 left on base; Texas 0 - Atlanta 0
BOTTOM OF THE 2ND
Atlanta Braves batting - Pitching for Texas Rangers : RHP Bob Childers
Batting: LHB Eric Kilbridge 0-0: Ball
1-0: Called Strike
1-1: Ball
2-1: Called Strike
2-2: Ball
3-2: Foul Ball, location: 9LDF
3-2: SINGLE (Groundball, 34D, EV 96.9 MPH)
Batting: RHB Kelvin White 0-0: Ball
1-0: Foul Ball, location: 2F
1-1: Called Strike
1-2: Strikes out swinging
Batting: LHB Gonzalo Crespo 0-0: Called Strike
0-1: Ball
1-1: Ball
Wild Pitch!
Eric Kilbridge to second
2-1: Swinging Strike
2-2: Strikes out looking
Batting: RHB Ray Boyer 0-0: Ground out 4-3 (Groundball, 4S, EV 69.4 MPH)
Bottom of the 2nd over - 0 runs, 1 hit, 0 errors, 1 left on base; Texas 0 - Atlanta 0
TOP OF THE 3RD
Texas Rangers batting - Pitching for Atlanta Braves : RHP Steven McDowe
Batting: LHB Ken'ichi Matsuura 0-0: Ball
1-0: Called Strike
1-1: Ball
2-1: SINGLE (Line Drive, 34D, EV 94.4 MPH)
Batting: LHB Dave Baker 0-0: Foul Ball, location: 3FF
0-1: Ball
1-1: Ball
2-1: Swinging Strike
2-2: Strikes out swinging
Batting: LHB Noburo Oike 0-0: Called Strike
0-1: Ball
1-1: Swinging Strike
1-2: Foul Ball, location: 5F
1-2: Foul Ball, location: 7LDF
1-2: Ball
2-2: Foul Ball, location: 2F
2-2: Fly out, F8 (Flyball, 78M, EV 86.3 MPH)
Batting: LHB Michael Gutiérrez 0-0: Ball
1-0: Called Strike
Ken'ichi Matsuura steals 2nd base
1-1: Ball
2-1: Swinging Strike
2-2: Ball
3-2: Strikes out swinging
Top of the 3rd over - 0 runs, 1 hit, 0 errors, 1 left on base; Texas 0 - Atlanta 0
BOTTOM OF THE 3RD
Atlanta Braves batting - Pitching for Texas Rangers : RHP Bob Childers
Batting: SHB Alonso Suárez 0-0: Called Strike
0-1: SINGLE (Groundball, 4MD, EV 103.8 MPH)
Batting: RHB Francisco Vega 0-0: Ball
1-0: Fly out, F9 (Flyball, 9D, EV 83.8 MPH)
Batting: SHB Ramón Salinas 0-0: Ball
1-0: Foul Ball, location: 7LDF
1-1: Ball
2-1: Ball
3-1: Foul Ball, location: 3F
3-2: Fielders Choice at 2nd, 4-6 (Groundball, 4D, EV 88.1 MPH)
Batting: RHB David Miller 0-0: Ball
1-0: Ball
2-0: Ball
3-0: Base on Balls
Ramón Salinas to second
Batting: LHB Paul Graham 0-0: Fly out, F7 (Flyball, 7S, EV 85.0 MPH)
Bottom of the 3rd over - 0 runs, 1 hit, 0 errors, 2 left on base; Texas 0 - Atlanta 0
TOP OF THE 4TH
Texas Rangers batting - Pitching for Atlanta Braves : RHP Steven McDowe
Batting: LHB Ben Williamson 0-0: Called Strike
0-1: SINGLE (Groundball, 56S, EV 66.9 MPH) (infield hit)
Batting: RHB Alberto Morales 0-0: Ball
1-0: Ball
2-0: SINGLE (Line Drive, 4D, EV 98.1 MPH)
Ben Williamson to second
Runner from 2nd tries for 3rd, SAFE, throw by RF made to third
Batting: RHB Gabriel Gutiérrez 0-0: Ball
1-0: Ball
2-0: Swinging Strike
2-1: Foul Ball, location: 2F
2-2: Grounds into double play, 6-4-3 (Groundball, 6D, EV 99.4 MPH)
Ben Williamson scores
Batting: RHB Richard Kinney 0-0: Ball
1-0: Foul Ball, location: 9LMF
1-1: Fly out, F5 (Popup, 56S, EV 81.3 MPH)
Top of the 4th over - 1 run, 2 hits, 0 errors, 0 left on base; Texas 1 - Atlanta 0
BOTTOM OF THE 4TH
Atlanta Braves batting - Pitching for Texas Rangers : RHP Bob Childers
Batting: LHB Eric Kilbridge 0-0: Ball
1-0: Swinging Strike
1-1: SOLO HOME RUN (Flyball, 9D, EV 98.1 MPH), Distance : 373 ft
Batting: RHB Kelvin White 0-0: Ball
1-0: Called Strike
1-1: Swinging Strike
1-2: Ball
2-2: Foul Ball, location: 2F
2-2: Strikes out swinging
Batting: LHB Gonzalo Crespo 0-0: Ball
1-0: Ground out 4-3 (Groundball, 34D, EV 108.8 MPH)
Batting: RHB Ray Boyer 0-0: Ball
1-0: Foul Ball, location: 7LMF
1-1: Called Strike
1-2: Strikes out swinging
Bottom of the 4th over - 1 run, 1 hit, 0 errors, 0 left on base; Texas 1 - Atlanta 1
TOP OF THE 5TH
Texas Rangers batting - Pitching for Atlanta Braves : RHP Steven McDowe
Batting: LHB Claudio Valenzuela 0-0: Called Strike
0-1: Called Strike
0-2: Strikes out swinging
Batting: LHB Ken'ichi Matsuura 0-0: Swinging Strike
0-1: Ball
1-1: Ball
2-1: Ground out 3-1 (Groundball, 34, EV 85.0 MPH)
Batting: LHB Dave Baker 0-0: Called Strike
0-1: Ball
1-1: Called Strike
1-2: Strikes out swinging
Top of the 5th over - 0 runs, 0 hits, 0 errors, 0 left on base; Texas 1 - Atlanta 1
BOTTOM OF THE 5TH
Atlanta Braves batting - Pitching for Texas Rangers : RHP Bob Childers
Batting: SHB Alonso Suárez 0-0: Called Strike
0-1: Swinging Strike
0-2: Ball
1-2: Strikes out looking
Batting: RHB Francisco Vega 0-0: Called Strike
0-1: Called Strike
0-2: Strikes out swinging
Batting: SHB Ramón Salinas 0-0: Swinging Strike
0-1: Ball
1-1: Ball
2-1: Swinging Strike
2-2: Ball
3-2: Fly out, F9 (Flyball, 89D, EV 94.4 MPH)
Bottom of the 5th over - 0 runs, 0 hits, 0 errors, 0 left on base; Texas 1 - Atlanta 1
TOP OF THE 6TH
Texas Rangers batting - Pitching for Atlanta Braves : RHP Steven McDowe
Batting: LHB Noburo Oike 0-0: Swinging Strike
0-1: Ball
1-1: Ball
2-1: Called Strike
2-2: Strikes out swinging
Pitching: RHP Bu-wei Shang
Batting: LHB Michael Gutiérrez 0-0: Foul Ball, location: 3F
0-1: Ball
1-1: Foul Ball, location: 7LDF
1-2: Ball
2-2: Foul Ball, location: 2F
2-2: SINGLE (Line Drive, 3D, EV 100.0 MPH)
Batting: LHB Ben Williamson 0-0: Called Strike
0-1: Foul Ball, location: 2F
0-2: Strikes out looking
Batting: RHB Alberto Morales 0-0: Ball
1-0: Ball
2-0: Ball
3-0: Called Strike
3-1: Called Strike
3-2: Foul Ball, location: 2RF
3-2: Foul Ball, location: 2F
3-2: Strikes out swinging
Top of the 6th over - 0 runs, 1 hit, 0 errors, 1 left on base; Texas 1 - Atlanta 1
BOTTOM OF THE 6TH
Atlanta Braves batting - Pitching for Texas Rangers : RHP Bob Childers
Batting: RHB David Miller 0-0: Ball
1-0: Ball
2-0: Ball
3-0: Called Strike
3-1: Called Strike
3-2: Foul Ball, location: 9LDF
3-2: Fly out, F8 (Flyball, 8LS, EV 92.5 MPH)
Batting: LHB Paul Graham 0-0: Swinging Strike
0-1: Ball
1-1: Ball
2-1: Swinging Strike
2-2: Ball
3-2: Foul Ball, location: 5SF
3-2: Fly out, F6 (Popup, 6MD, EV 37.5 MPH)
Batting: LHB Eric Kilbridge 0-0: Ball
1-0: Ball
2-0: Foul Ball, location: 5SF
2-1: Called Strike
2-2: Ball
3-2: Foul Ball, location: 2F
3-2: SOLO HOME RUN (Flyball, 9LD, EV 95.0 MPH), Distance : 340 ft
Batting: RHB Kelvin White 0-0: Swinging Strike
0-1: Fly out, F4 (Popup, 4, EV 71.3 MPH)
Bottom of the 6th over - 1 run, 1 hit, 0 errors, 0 left on base; Texas 1 - Atlanta 2
TOP OF THE 7TH
Texas Rangers batting - Pitching for Atlanta Braves : RHP Bu-wei Shang
Batting: RHB Gabriel Gutiérrez 0-0: DOUBLE (Line Drive, 78M, EV 106.3 MPH)
Batting: RHB Richard Kinney 0-0: Ball
1-0: Ball
2-0: Called Strike
2-1: Foul Ball, location: 2LF
2-2: Foul Ball, location: 25F
2-2: Strikes out swinging
Batting: LHB Claudio Valenzuela 0-0: Ball
1-0: Ball
2-0: Ball
3-0: Base on Balls
Batting: LHB Ken'ichi Matsuura 0-0: Ball
1-0: Ball
2-0: Called Strike
2-1: Swinging Strike
2-2: Strikes out swinging
Batting: LHB Dave Baker 0-0: Ball
1-0: Called Strike
1-1: Called Strike
1-2: Strikes out swinging
Top of the 7th over - 0 runs, 1 hit, 0 errors, 2 left on base; Texas 1 - Atlanta 2
BOTTOM OF THE 7TH
Atlanta Braves batting - Pitching for Texas Rangers : RHP Bob Childers
Pitching: LHP Dian Suharto
Batting: LHB Gonzalo Crespo 0-0: Ball
1-0: Called Strike
1-1: Ball
2-1: Ball
3-1: Base on Balls
Batting: RHB Ray Boyer 0-0: Ball
1-0: Grounds into double play, 4-6-3 (Groundball, 4, EV 81.3 MPH)
Batting: SHB Alonso Suárez 0-0: Ball
1-0: SINGLE (Groundball, 4MD, EV 100.0 MPH)
Batting: RHB Francisco Vega 0-0: Swinging Strike
0-1: Ball
1-1: Ball
2-1: Fly out, F5 (Popup, 5SF, EV 76.9 MPH)
Bottom of the 7th over - 0 runs, 1 hit, 0 errors, 1 left on base; Texas 1 - Atlanta 2
TOP OF THE 8TH
Texas Rangers batting - Pitching for Atlanta Braves : RHP Bu-wei Shang
Pitching: RHP Ju-il Kae
Batting: LHB Noburo Oike 0-0: Foul Ball, location: 7LSF
0-1: Foul Ball, location: 3FF
0-2: Ball
1-2: SOLO HOME RUN (Flyball, 7D, EV 98.1 MPH), Distance : 370 ft
Batting: LHB Michael Gutiérrez 0-0: Ball
1-0: Foul Ball, location: 2F
1-1: Fly out, F6 (Popup, 6MD, EV 72.5 MPH)
Batting: LHB Ben Williamson 0-0: Foul Ball, location: 2F
0-1: Ball
1-1: Called Strike
1-2: Strikes out looking
Batting: RHB Alberto Morales 0-0: Called Strike
0-1: Ground out 5-3 (Groundball, 5S, EV 83.8 MPH)
Top of the 8th over - 1 run, 1 hit, 0 errors, 0 left on base; Texas 2 - Atlanta 2
BOTTOM OF THE 8TH
Atlanta Braves batting - Pitching for Texas Rangers : LHP Dian Suharto
Batting: SHB Ramón Salinas 0-0: Ball
1-0: Ball
2-0: Called Strike
2-1: SINGLE (Line Drive, 9S, EV 84.4 MPH)
Batting: RHB David Miller 0-0: Called Strike
0-1: Foul Ball, location: 2F
0-2: Fielders Choice at 2nd, 1-6 (Groundball, 34S, EV 69.4 MPH)
Pinch Hitting: RHB Vince Gielens
Pitching: RHP Andre Hale 0-0: Ball
1-0: Ball
Wild Pitch!
David Miller to second
2-0: Foul Ball, location: 9LMF
2-1: Called Strike
2-2: Ball
3-2: Ground out 5-3 (Groundball, 56, EV 101.3 MPH)
David Miller to third
Batting: LHB Eric Kilbridge 0-0: Ball
1-0: Ball
2-0: Ball
3-0: Called Strike
3-1: Base on Balls
Batting: RHB Kelvin White 0-0: Called Strike
0-1: Called Strike
0-2: Ball
1-2: Ball
2-2: SINGLE (Line Drive, 34, EV 98.8 MPH)
David Miller scores
Eric Kilbridge to second
Runner from 2nd tries for 3rd, SAFE, no throw by RF
Batting: LHB Gonzalo Crespo 0-0: Ball
1-0: Ball
2-0: Called Strike
2-1: Foul Ball, location: 5F
2-2: Foul Ball, location: 2F
2-2: Fly out, F4 (Popup, 3D, EV 56.3 MPH)
Bottom of the 8th over - 1 run, 2 hits, 0 errors, 2 left on base; Texas 2 - Atlanta 3
TOP OF THE 9TH
Texas Rangers batting - Pitching for Atlanta Braves : RHP Ju-il Kae
Now in RF: Murai Kimura
Batting: RHB Gabriel Gutiérrez 0-0: Swinging Strike
0-1: Swinging Strike
0-2: Strikes out looking
Batting: RHB Richard Kinney 0-0: Ball
1-0: Ball
2-0: Called Strike
2-1: Ball
3-1: Foul Ball, location: 2F
3-2: SINGLE (Groundball, 4MD, EV 108.8 MPH)
Batting: LHB Claudio Valenzuela 0-0: Called Strike
0-1: Ball
1-1: DOUBLE (Line Drive, 78D, EV 111.3 MPH)
Richard Kinney to third
Runner from 3rd tries for Home, SAFE, throw by CF to trailing runner, OUT at third! 8-3-5
Batting: LHB Ken'ichi Matsuura 0-0: Called Strike
0-1: Foul Ball, location: 7LMF
0-2: Ball
1-2: Strikes out swinging
Top of the 9th over - 1 run, 2 hits, 0 errors, 0 left on base; Texas 3 - Atlanta 3
BOTTOM OF THE 9TH
Atlanta Braves batting - Pitching for Texas Rangers : RHP Andre Hale
Batting: RHB Ray Boyer 0-0: Fly out, F8 (Flyball, 8LM, EV 96.3 MPH)
Batting: SHB Alonso Suárez 0-0: Swinging Strike
0-1: Foul Ball, location: 9LSF
0-2: Ball
1-2: Ball
2-2: Foul Ball, location: 2F
2-2: SINGLE (Line Drive, 89M, EV 102.5 MPH)
Pinch Hitting: RHB Tyrone Evans 0-0: Foul Ball, location: 5F
0-1: Ball
1-1: Called Strike
1-2: Foul Ball, location: 9LSF
1-2: Strikes out swinging
Batting: SHB Ramón Salinas 0-0: Called Strike
0-1: Ball
1-1: Swinging Strike
1-2: Strikes out swinging
Bottom of the 9th over - 0 runs, 1 hit, 0 errors, 1 left on base; Texas 3 - Atlanta 3
TOP OF THE 10TH
Texas Rangers batting - Pitching for Atlanta Braves : RHP Ju-il Kae
Pitching: RHP Ángel Chávez
Now in CF: Tyrone Evans
Batting: LHB Dave Baker 0-0: Called Strike
0-1: SINGLE (Groundball, 6MD, EV 96.3 MPH)
Batting: LHB Noburo Oike 0-0: Ball
1-0: Called Strike
1-1: Foul Ball, location: 25F
1-2: Foul Ball, location: 2LF
1-2: Ball
2-2: Strikes out swinging
Batting: LHB Michael Gutiérrez 0-0: Fielders Choice at 2nd, 1-6 (Groundball, 34S, EV 71.3 MPH)
Batting: LHB Ben Williamson 0-0: Ball
1-0: Called Strike
1-1: Ball
2-1: Ball
3-1: Foul Ball, location: 2F
3-2: Strikes out swinging
Top of the 10th over - 0 runs, 1 hit, 0 errors, 1 left on base; Texas 3 - Atlanta 3
BOTTOM OF THE 10TH
Atlanta Braves batting - Pitching for Texas Rangers : RHP Andre Hale
Pitching: RHP A.J Klein
Batting: RHB David Miller 0-0: Foul Ball, location: 2F
0-1: Swinging Strike
0-2: Ground out 6-3 (Groundball, 6, EV 85.6 MPH)
Batting: RHB Murai Kimura 0-0: Ball
1-0: Swinging Strike
1-1: Called Strike
1-2: Foul Ball, location: 2F
1-2: Strikes out swinging
Batting: LHB Eric Kilbridge 0-0: Foul Ball, location: 3FF
0-1: Ball
1-1: Ball
2-1: Swinging Strike
2-2: Ball
3-2: Foul Ball, location: 23FF
3-2: Base on Balls
Batting: RHB Kelvin White 0-0: Swinging Strike
0-1: Ball
1-1: Fielders Choice at 2nd, 5-4 (Groundball, 56, EV 89.4 MPH)
Bottom of the 10th over - 0 runs, 0 hits, 0 errors, 1 left on base; Texas 3 - Atlanta 3
TOP OF THE 11TH
Texas Rangers batting - Pitching for Atlanta Braves : RHP Ángel Chávez
Pinch Hitting: SHB Cary Mench 0-0: Called Strike
0-1: Ball
1-1: Fly out, F8 (Flyball, 8RM, EV 96.9 MPH)
Batting: RHB Gabriel Gutiérrez 0-0: Called Strike
0-1: Called Strike
0-2: Strikes out swinging
Batting: RHB Richard Kinney 0-0: Called Strike
0-1: Ball
1-1: Called Strike
1-2: Ball
2-2: Strikes out swinging
Top of the 11th over - 0 runs, 0 hits, 0 errors, 0 left on base; Texas 3 - Atlanta 3
BOTTOM OF THE 11TH
Atlanta Braves batting - Pitching for Texas Rangers : RHP A.J Klein
Now in CF: Ken'ichi Matsuura
Now in RF: Cary Mench
Batting: LHB Gonzalo Crespo 0-0: Foul Ball, location: 9LDF
0-1: Foul Ball, location: 25F
0-2: Foul Ball, location: 3F
0-2: Ball
1-2: Ground out 6-3 (Groundball, 6, EV 106.9 MPH)
Batting: RHB Ray Boyer 0-0: Ball
1-0: Ball
2-0: Foul Ball, location: 2F
2-1: Foul Ball, location: 5F
2-2: Ball
3-2: Base on Balls
Pitching: LHP Toby Bannatyne
Batting: SHB Alonso Suárez 0-0: Called Strike
0-1: Foul Ball, location: 2F
0-2: Ground out 6-3 (Groundball, 6S, EV 71.9 MPH)
Ray Boyer to second
Batting: RHB Tyrone Evans 0-0: Ball
1-0: Swinging Strike
1-1: Ball
2-1: SINGLE (Groundball, 4MD, EV 107.5 MPH)
Ray Boyer to third
Runner from 3rd tries for Home, SAFE, throw by CF to home
Bottom of the 11th over - 1 run, 1 hit, 0 errors, 1 left on base; Texas 3 - Atlanta 4
Wednesday, April 24th , 2024 - OOTP Baseball 24.10 Build 82